 Dungeon Crawl Stone Soup version 0.31.0-32-g396128a36d (webtiles) character file.

Game seed: 16573476203628530363

21 H0rd4k the Charlatan (level 2, -1/18 HPs)
             Began as an Octopode Artificer on Mar 14, 2024.
             Slain by a ribbon worm (8 damage)
             ... on level 2 of the Dungeon.
             The game lasted 00:00:32 (515 turns).

H0rd4k the Charlatan (Octopode Artificer)            Turns: 515, Time: 00:00:33

Health: -1/18      AC:  1    Str: 11    XL:     2   Next: 83%
Magic:  2/2        EV: 13    Int: 13    God:
Gold:   26         SH:  0    Dex: 12    Spells: 1/1 levels left

rFire   . .          .
                       - Unarmed
rCold   . . .        (no shield)
rNeg    . . .        (helmet restricted)
rPois   .            (no amulet)
rElec   .            (no ring)
rCorr   .            (no ring)
SInv    .            (no ring)
Will    .....        (no ring)
Stlth   +++          (no ring)
HPRegen 0.23/turn    (no ring)
MPRegen 0.08/turn    (no ring)
                     (no ring)

%: no passive effects
@: no status effects
A: almost no armour, amphibious, 8 rings, camouflage 1, gelatinous body 1,
(nimble swimmer 1), tentacles
a: no special abilities


You were on level 2 of the Dungeon.
You visited 1 branch of the dungeon, and saw 2 of its levels.

You collected 26 gold pieces.

Inventory:

Wands
 b - a wand of flame (15) (quivered)
 c - a wand of charming (15)
 d - a wand of iceblast (5)
Potions
 a - a potion of mutation {unknown}
 f - a potion of degeneration {unknown}


   Skills:
 + Level 1.6 Fighting
 - Level 2.3 Dodging
 - Level 1.3 Stealth
 + Level 1.9 Unarmed Combat
 - Level 3.2 Evocations


You had one spell level left.
You didn't know any spells.
Your spell library contained the following spells:

 Spells                   Type           Power      Damage    Failure   Level
 Sandblast                Erth           0%         2d4       30%         1
 Passwall                 Erth           0%         N/A       67%         3
 Stone Arrow              Conj/Erth      0%         3d7       67%         3
 Brom's Barrelling Bould  Conj/Erth      0%         2d3       97%         4


Dungeon Overview and Level Annotations

Branches:
Dungeon (2/15)

Altars:


Innate Abilities, Weirdness & Mutations

You cannot wear most types of armour.
You are amphibious.
You can wear up to eight rings at the same time.
Your skin changes colour to match your surroundings (Stealth+).
Your rubbery body absorbs attacks. (AC +1, EV +1)
((You are camouflaged when in or above water. (Stealth+)))
You have tentacles for arms and can constrict up to eight enemies at once.


Message History

You tentacle-slap the adder.
You squeeze the adder, but do no damage.
The adder is almost dead.
You constrict the adder.
You kill the adder!
* * * LOW HITPOINT WARNING * * *
You feel sick. The ribbon worm barely misses you.
* * * LOW HITPOINT WARNING * * *
You feel sick.
* * * LOW HITPOINT WARNING * * *
You feel sick.
It was a potion of curing.
You feel better.
The ribbon worm expels a string of sticky webbing.
The stream of webbing hits you but does no damage.
You are caught in a web!
Unknown command.
The web tears apart.
You tentacle-slap the ribbon worm. Your grab misses the ribbon worm.
The ribbon worm is lightly wounded.
The ribbon worm bites you.
Unknown command.
You tentacle-slap the ribbon worm. You grab the ribbon worm.
The ribbon worm is moderately wounded.
You constrict the ribbon worm. The ribbon worm barely misses you.
You tentacle-slap the ribbon worm.
You squeeze the ribbon worm, but do no damage.
The ribbon worm is moderately wounded.
You constrict the ribbon worm.
The ribbon worm expels a string of sticky webbing.
The stream of webbing misses you.
You tentacle-slap the ribbon worm but do no damage.
The ribbon worm is moderately wounded.
You constrict the ribbon worm. You tentacle-slap the ribbon worm.
The ribbon worm is severely wounded.
You constrict the ribbon worm. The ribbon worm bites you.
You tentacle-slap the ribbon worm.
The ribbon worm is severely wounded.
You constrict the ribbon worm. The ribbon worm bites you!
You die...

................#.........
#...........>....###.......
#............$. #..#####
........#.... #.......
#.........########'##...#
#.........#.............#
#.........#..............
#...."..w.#.............#
#.......@.#.........)...#
#.........#.............#
#.........#.............#
#.........##.....####.#.#
#.........##.##### #....
########.....# #...#
####### ###.#.# #.#####
#...... #.....######.#.#..


You could see a ribbon worm (catching breath).

Vanquished Creatures
  An adder (D:2)
  A dart slug (D:2)
  A goblin (D:2)
  2 jackals (D:1)
  2 kobolds (D:1)
  A ball python (D:1)
  A bat (D:2)
  A frilled lizard (D:2)
  A rat (D:2)
11 creatures vanquished.

Notes
Turn   | Place    | Note
-------+----------+-------------------------------------------
     0 | D:1      | H0rd4k the Octopode Artificer began the quest for the Orb.
     0 | D:1      | Reached XP level 1. HP: 13/13 MP: 1/1
   218 | D:1      | Reached skill level 1 in Unarmed Combat
   279 | D:1      | You fall into a shaft and drop 1 floor!
   311 | D:2      | Reached XP level 2. HP: 18/18 MP: 2/2
   515 | D:2      | Slain by a ribbon worm

Illustrated notes

Levels and vault maps discovered:
D:1:      onia_arrival_mini_spirals, layout_loops_ring,
          ebering_ecumenical_altar_box
D:2:      layout_basic, minmay_heptomino_h4

Skill      XL: |  1 |
---------------+----+-----
Unarmed Combat | 1 |  1.9
Fighting       | |  1.6
Dodging        | |  2.3
Stealth        | |  1.3
Evocations     | |  3.2

Action                     || total
---------------------------++-------
  Melee: Unarmed           ||    34
         Constrict         ||    11
         Tentacles         ||     6
    Use: Potion            ||     1
   Stab: Sleeping          ||     5
 Armour: Skin              ||    12
  Dodge: Dodged            ||    20
